 Dungeon Crawl Stone Soup version 0.30-a0-777-ga9a30cbeda (webtiles) character file.

Game seed: 16697693905687307745

13 mopl the Magician (level 2, -1/17 HPs)
             Began as an Octopode Hedge Wizard on Feb 13, 2023.
             Slain by a kobold
             ... wielding a +0 short sword
              (4 damage)
             ... on level 2 of the Dungeon.
             The game lasted 00:01:03 (1024 turns).

mopl the Magician (Octopode Hedge Wizard)           Turns: 1024, Time: 00:01:03

Health: -1/17      AC:  1    Str:  9    XL:     2   Next: 37%
Magic:  6/6        EV: 13    Int: 16    God:
Gold:   46         SH:  0    Dex: 11    Spells: 2/7 levels left

rFire   . . .      SeeInvis .    a - +0 dagger
rCold   . . .      Faith    .    (no shield)
rNeg    . . .      Spirit   .    b - +0 hat
rPois   .          Reflect  .    (no amulet)
rElec   .          Harm     .    (no ring)
rCorr   .          Rampage  .    (no ring)
Will    .....                    (no ring)
Stlth   +++                      (no ring)
HPRegen 0.22/turn                (no ring)
MPRegen 0.10/turn                (no ring)
                                 (no ring)
                                 (no ring)

@: no status effects
A: almost no armour, amphibious, 8 rings, camouflage 1, gelatinous body 1,
(nimble swimmer 1), tentacles
a: no special abilities


You were on level 2 of the Dungeon.
You visited 1 branch of the dungeon, and saw 2 of its levels.

You collected 46 gold pieces.

Inventory:

Hand Weapons
 a - a +0 dagger (weapon)
Armour
 b - a +0 hat (worn)
Scrolls
 d - 2 scrolls of enchant armour {unknown}
 e - a scroll of amnesia {unknown}
 f - a scroll of identify {unknown}
 h - a scroll of fear {unknown}
Potions
 c - a potion of magic
 g - a potion of berserk rage {unknown}
 i - a potion of ambrosia {unknown}


   Skills:
 - Level 2.0 Dodging
 + Level 2.6 Stealth
 + Level 3.2 Spellcasting
 + Level 1.5 Conjurations
 - Level 1.0 Summonings
 + Level 1.4 Translocations


You had 2 spell levels left.
You knew the following spells:

 Your Spells              Type           Power      Damage    Failure   Level
a - Magic Dart            Conj           28%        1d4       10%         1
b - Ensorcelled Hibernat  Hex/Ice        4%         N/A       28%         2
e - Blink                 Tloc           14%        N/A       16%         2

Your spell library contained the following spells:

 Spells                   Type           Power      Damage    Failure   Level
 Slow                     Hex            8%         N/A       19%         1
 Call Imp                 Summ           5%         N/A       19%         2
 Cigotuvi's Dreadful Rot  Necr/Pois/Air  4%         N/A       28%         2
 Passwall                 Tmut/Erth      1%         N/A       28%         2
 Mephitic Cloud           Conj/Pois/Air  4%         N/A       41%         3
 Swiftness                Air            2%         N/A       50%         3


Dungeon Overview and Level Annotations

Branches:
Dungeon (2/15)

Altars:


Innate Abilities, Weirdness & Mutations

You cannot wear most types of armour.
You are amphibious.
You can wear up to eight rings at the same time.
Your skin changes colour to match your surroundings (Stealth+).
Your rubbery body absorbs attacks. (AC +1, EV +1)
((You are camouflaged when in or above water. (Stealth+)))
You have tentacles for arms and can constrict up to eight enemies at once.


Message History

A rat comes into view.
You hit the rat.
You kill the rat!
The helpless quokka fails to defend itself.
You hit the quokka.
You kill the quokka!
No target in view!
This spell is extremely dangerous to cast!
Memorise Ensorcelled Hibernation, consuming 2 spell levels and leaving 2?
You start memorising the spell.
You continue memorising. x2
You finish memorising.
Spell assigned to 'b'.
Found a spear.
Found a leather armour.
A kobold comes into view. It is wielding a +0 short sword.
A ball python comes into view.
Found an inky potion.
The kobold shouts!
The ball python hisses angrily.
Found a stone staircase leading down.
The ball python misses you. The ball python barely misses you.
The ball python bites you. The ball python closely misses you.
The kobold hits you with a +0 short sword.
You hit the kobold but do no damage. Your grab misses the kobold.
The ball python bites you. The ball python grabs you.
The ball python constricts you.
The kobold hits you with a +0 short sword.
You are too injured to fight recklessly!
You are too injured to fight recklessly!
You escape the ball python's grasp.
The kobold attacks as you move away!
The kobold hits you with a +0 short sword.
You closely miss the kobold. You grab the kobold.
Your squeeze misses the kobold. You constrict the kobold.
The kobold hits you with a +0 short sword.
You hit the kobold.
The kobold is severely wounded.
You constrict the kobold, but do no damage.
The ball python bites you.
* * * LOW HITPOINT WARNING * * *
The ball python misses you.
The kobold hits you with a +0 short sword.
You die...

..# ########..#
#.....#...#
#.....[.#.#
#.........
#.......#
#....S..#####
#..).K@.....#
###..#......#####
#...##..........#
#....#.†.†...###.#
.!...
#.........#.#
.....
#.....#.....# ..>.
#####...#######
#### #.#.......#
#.#.#####.#####


You could see a ball python and a kobold.

Vanquished Creatures
  A ball python (D:1)
  2 endoplasms (D:1)
  A goblin (D:1)
  A hobgoblin (D:1)
  2 quokkas
  A bat (D:1)
  A kobold (D:1)
  3 rats
12 creatures vanquished.

Notes
Turn   | Place    | Note
-------+----------+-------------------------------------------
     0 | D:1      | mopl the Octopode Hedge Wizard began the quest for the Orb.
     0 | D:1      | Reached XP level 1. HP: 11/11 MP: 4/4
   410 | D:1      | Reached XP level 2. HP: 17/17 MP: 6/6
   417 | D:1      | Learned a level 2 spell: Blink
  1006 | D:2      | Learned a level 2 spell: Ensorcelled Hibernation
  1024 | D:2      | Slain by a kobold

Illustrated notes

Levels and vault maps discovered:
D:1:      dpeg_arrival_oval, layout_basic
D:2:      layout_basic, basic_ecumenical_altar, minmay_snake_closets,
          uniq_sigmund, uniq_robin

Action                     || total
---------------------------++-------
  Melee: Dagger            ||    25
         Constrict         ||     4
         Tentacles         ||     1
   Stab: Sleeping          ||     5
 Armour: Skin              ||     2
  Dodge: Dodged            ||    15

Table legend: (Time is in decaauts)
 A = Elapsed time spent in this place.
 B = Non-inter-level travel time spent in this place.
 C = Inter-level travel time spent in this place.
 D = Time resting spent in this place.
 E = Time spent auto-exploring this place.
 F = Levels seen in this place.
 G = Mean time per level.
                   A        B        C        D        E       F      G
               +--------+--------+--------+--------+--------+-----+--------+
         Total |   1023 |    977 |     46 |      0 |    878 |   2 |  511.5 |
       Dungeon |   1023 |    977 |     46 |      0 |    878 |   2 |  511.5 |
               +--------+--------+--------+--------+--------+-----+--------+

Top non-repeatable levels by time:
     D:1: 956 daAuts
     D:2: 67 daAuts
